 Dungeon Crawl Stone Soup version 0.31-a0-1576-ga3383ba (webtiles) character file.

Game seed: 8103007189931889092

1 smazza the Sneak (level 1, 0/10 HPs)
             Began as a Kobold Enchanter on Jan 4, 2024.
             Frozen to death by an endoplasm (5 damage)
             ... on level 1 of the Dungeon.
             The game lasted 00:00:38 (75 turns).

smazza the Sneak (Kobold Enchanter)                   Turns: 75, Time: 00:00:39

Health: 0/10       AC:  2    Str:  5    XL:     1   Next: 22%
Magic:  3/3        EV: 15    Int: 16    God:
Gold:   9          SH:  0    Dex: 15    Spells: 4/4 levels left

rFire   . . .        d - +2 dagger (holy)
rCold   . . .        (no shield)
rNeg    . . .        b - +0 robe
rPois   .            (no helmet)
rElec   .            (no cloak)
rCorr   .            (no gloves)
SInv    .            (no boots)
Will    .....        (no amulet)
Stlth   ++++         (no ring)
HPRegen 0.21/turn    (no ring)
MPRegen 0.08/turn

%: no passive effects
@: no status effects
A: small, no large weapons, nightstalker 3
a: no special abilities


You were on level 1 of the Dungeon.
You visited 1 branch of the dungeon, and saw 1 of its levels.

You collected 9 gold pieces.

Inventory:

Hand Weapons
 a - a +1 dagger
 d - a +2 dagger of holy wrath (weapon)
Armour
 b - a +0 robe (worn)
Potions
 c - 2 potions of invisibility


   Skills:
 + Level 1.3 Short Blades
 + Level 2.4 Dodging
 + Level 4.0 Stealth
 - Level 2.1 Spellcasting
 * Level 3.0 Hexes


You had 4 spell levels left.
You didn't know any spells.
Your spell library contained the following spells:

 Spells                   Type           Power      Damage    Failure   Level
 Ensorcelled Hibernation  Hex/Ice        12%        N/A       17%         2
 Confusing Touch          Hex            11%        N/A       17%         3
 Tukima's Dance           Hex            11%        N/A       17%         3
 Dazzling Flash           Conj/Hex       12%        N/A       32%         3


Dungeon Overview and Level Annotations

Branches:
Dungeon (1/15)

Altars:


Innate Abilities, Weirdness & Mutations

You are small and have problems with some larger weapons.
You are completely attuned to the shadows.


Message History

Welcome, smazza the Kobold Enchanter.
It's a long way down to the Orb of Zot, but that shouldn't be any trouble.
Press ? for a list of commands and other information.
Found a staircase leading out of the dungeon.
Found a mace.
A goblin comes into view.
It is wielding a +2 dagger of holy wrath.
The helpless goblin fails to defend itself.
You impale the goblin!!
You kill the goblin!
You see here a +2 dagger of holy wrath.
d - a +2 dagger of holy wrath Your +2 dagger of holy wrath softly glows with a divine radiance!
d - a +2 dagger of holy wrath (weapon)
You now have 9 gold pieces.
An endoplasm comes into view.
The endoplasm quivers.
Found a fizzy brown potion.
You hit the endoplasm but do no damage. The endoplasm freezes you.
You are frozen.
Ouch! That really hurt!
You don't know any spells.
You don't know any spells.
Sorry, you're not good enough to have a special ability.
You barely miss the endoplasm. The endoplasm freezes you.
You are frozen.
Ouch! That really hurt!
You die...

♣.♣#...............
♣.♣#......#..#.....
♣.♣#.####.#...^..#
#.# #.....#.#.# #.#
#.......#.# # #.#
#.####....# #. #.#
#....##...# #..##.#
####.####.# !..J@.#
#.# #.# ####### #.#
#.### #.# #.#..
#.####....
#.........
##########


You could see an endoplasm.

Vanquished Creatures
  A goblin (D:1)
1 creature vanquished.

Notes
Turn   | Place    | Note
-------+----------+-------------------------------------------
     0 | D:1      | smazza the Kobold Enchanter began the quest for the Orb.
     0 | D:1      | Reached XP level 1. HP: 10/10 MP: 3/3
    75 | D:1      | Frozen to death by an endoplasm

Illustrated notes

Levels and vault maps discovered:
D:1:      eino_arrival_tree_alley, layout_basic

Action                     || total
---------------------------++-------
  Melee: Dagger            ||     3
   Stab: Sleeping          ||     1

Table legend: (Time is in decaauts)
 A = Elapsed time spent in this place.
 B = Non-inter-level travel time spent in this place.
 C = Inter-level travel time spent in this place.
 D = Time resting spent in this place.
 E = Time spent auto-exploring this place.
 F = Levels seen in this place.
 G = Mean time per level.
                   A        B        C        D        E       F      G
               +--------+--------+--------+--------+--------+-----+--------+
         Total |     74 |     74 |      0 |      0 |     63 |   1 |   74.0 |
       Dungeon |     74 |     74 |      0 |      0 |     63 |   1 |   74.0 |
               +--------+--------+--------+--------+--------+-----+--------+

Top non-repeatable levels by time:
     D:1: 74 daAuts
